 Dungeon Sprint DCSS version 0.20.1-1-g8b1a95d (webtiles) character file.

17619 Snowbourne the Imperceptible (level 12, -25/62 HPs)
             Began as a Spriggan Enchanter on Sept 14, 2017.
             Was the Champion of Dithmenos.
             Killed from afar by a fire giant (42 damage)
             ... with a bolt of fire
             ... in the Dungeon (Sprint I: "Red Sonja").
             The game lasted 00:13:51 (1657 turns).

Snowbourne the Imperceptible (Spriggan Enchanter)   Turns: 1657, Time: 00:13:52

Health: -25/62     AC:  4    Str:  3    XL:     12   Next: 20%
Magic:  0/29       EV: 34    Int: 17    God:    Dithmenos [******]
Gold:   371        SH:  0    Dex: 19    Spells: 8/20 levels left

rFire    . . .     SeeInvis +   r - +3 dagger (venom)
rCold    + . .     Gourm    .   (shield restricted)
rNeg     + + +     Faith    .   k - +2 robe {rC+}
rPois    .         Spirit   +   u - +0 mask of the Dragon {MR+ Slay+3 SInv}
rElec    +         Reflect  .   v - scarf of Demons {+Blink rC+ Str-3 Stlth+} (curse)
rCorr    +         Harm     .   (gloves unavailable)
MR       +++..     NoTele   +   (boots unavailable)
Stlth    ++++++++++             p - amulet of guardian spirit
Regen    0.2/turn               m - ring "Utimymuh" {rElec rC- rN+++ MP+9 Stlth-}
MPRegen  0.3/turn               n - ring of resist corrosion

@: wreathed by umbra, very quick
A: unfitting armour, see invisible, herbivore 3, speed 3, slow metabolism 2
a: Shadow Step, Shadow Form, Renounce Religion, Evoke Blink


You were in the Dungeon.
You worshipped Dithmenos.
Dithmenos was exalted by your worship.
You were full.

You visited 1 branch You collected 1685 gold pieces.
You spent 1298 gold pieces at shops.
You donated 16 gold pieces to Zin.

Inventory:

Hand Weapons
 a - a +1 dagger
 l - a +2 rapier of venom
 r - a +3 dagger of venom (weapon)
Armour
 b - a +0 robe
 k - a +2 robe of cold resistance (worn)
 u - the +0 mask of the Dragon (worn) {MR+ Slay+3 SInv}
   (You bought it in a shop in the Dungeon)

   It affects your accuracy and damage with ranged weapons and melee attacks
   (+3).
   It affects your resistance to hostile enchantments.
   It lets you see invisible.
 v - the cursed scarf of Demons (worn) {+Blink rC+ Str-3 Stlth+}
   (You bought it in a shop in the Dungeon)

   It affects your strength (-3).
   It protects you from cold.
   It lets you blink.
   It makes you more stealthy.
   It has a curse placed upon it.
Jewellery
 m - the ring "Utimymuh" (left hand) {rElec rC- rN+++ MP+9 Stlth-}
   (You bought it in a shop in the Dungeon)

   [ring of magical power]

   It makes you vulnerable to cold.
   It insulates you from electricity.
   It renders you almost immune to negative energy.
   It affects your magic capacity (+9).
   It makes you less stealthy.
 n - a ring of resist corrosion (right hand)
 p - an amulet of guardian spirit (around neck)
Scrolls
 j - 2 scrolls of blinking
 q - a scroll of magic mapping
 s - 3 scrolls of enchant weapon
Potions
 e - 4 potions of curing
 f - a potion of heal wounds
 g - a potion of haste
 h - 2 potions of magic
 i - a potion of berserk rage
 o - a potion of resistance {unknown}
Books
 c - a book of Maledictions

   Spells                             Type                      Level
   a - Corona                         Hexes                        1
   b - Ensorcelled Hibernation        Hexes/Ice                    2
   c - Confuse                        Hexes                        3
   d - Tukima's Dance                 Hexes                        3
   e - Dazzling Spray                 Conjuration/Hexes            3


   Skills:
 + Level 6.5 Fighting
 + Level 14.1 Short Blades
 + Level 17.9 Dodging
 + Level 23.7 Stealth
 - Level 4.9 Spellcasting
 + Level 19.2 Hexes


You had 8 spell levels left.
You knew the following spells:

 Your Spells              Type           Power        Failure   Level  Hunger
a - Corona                Hex            ######.      0%          1    None
b - Ensorcelled Hibernat  Hex/Ice        #####.       1%          2    #......
c - Confuse               Hex            ######..     0%          3    ###....
d - Dazzling Spray        Conj/Hex       #####.       1%          3    ###....
e - Tukima's Dance        Hex            ######..     0%          3    ###....


Dungeon Overview and Level Annotations

Branches:
Dungeon (1/1)

Altars:
Cheibriados
Dithmenos
Elyvilon
Fedhas
Gozag
Hepliaklqana
Kikubaaqudgha
Makhleb
Nemelex Xobeh
Okawaru
Qazlal
Ru
Sif Muna
Trog
Uskayaw
Vehumet
Xom
Yredelemnul
Zin
The Shining One
Jiyva
Lugonu

Shops:
D (}:**:(*([=[[}}[?[([*


Innate Abilities, Weirdness & Mutations

You are very small and have problems with some larger weapons.
You are too small for most types of armour.
You have supernaturally acute eyesight. (SInv)
You are a herbivore.
You cover ground extremely quickly.
You need consume almost no food.


Message History

Aim: a fire giant, wielding a great sword of flaming (umbra, chance to defeat MR: 27%)
The fire giant easily resists.
The fire giant casts a spell at you.
The bolt of fire hits the fire giant.
The fire giant resists.
The bolt of fire misses you. The fire giant casts a spell at you.
The fireball explodes!
The fireball engulfs you!
The fireball engulfs the fire giant.
The fire giant resists.
The fire giant hits you with a great sword of flaming!!
You emit a cloud of dark smoke.
The fire giant burns you!
* * * LOW HITPOINT WARNING * * *
You blink.
You feel slightly less full.
The fire giant points at you and mumbles some strange words.
The bolt of fire misses you.
You fail to use your ability.
The fire giant gestures at you while chanting.
The bolt of fire hits the fire giant.
The fire giant resists.
The bolt of fire hits you!
Ouch! That really hurt!
You die...

##..)###########.#*+*,,*,,*,###.#
###.###.......##.#*,*,,,,,,,,,#.#
#.#'#.#........'.#***,,,,,,,,,#.#
#.....#'''######.#,,+,,,,,,####'#
#..(%.#....§§.§#§#####,,,**#....#
#######....§§§#§§#?[§#####...####
##.(†......§.§####?.§§.)...#**,,,
##(.(.......≈≈##$%!.§§§###**,,,,*
###.......≈≈≈###@C.C§§##,,,,,,,,*
# ###..≈≈≈≈### #[.C..##,,,,,,,,,*
####'######+####$$$$$#,,,,,,,,,,*
##∩∩########∩∩########****,,,,,,*
###∩∩∩∩∩∩∩∩∩∩###≈≈≈≈≈≈d≈,*,,,,,,*
# ############ #########**,,,,,,+
#..0..+,,,,,,,,,,*
#######***********


You could see Tiamat and 3 fire giants.

Vanquished Creatures
  A fire giant (D)
  A hydra (D)
  2 centaur warriors (D)
  Sonja (D)
  A deep troll (D)
  A lindwurm (D)
  7 unseen horrors (D)
  8 shining eyes (D)
  An oklob plant (D)
  4 demonic crawlers (D)
  2 kobold demonologists (D)
  A hornet (D)
  A slime creature (D)
  Sigmund (D)
  2 redbacks (D)
  A yak (D)
  13 hogs (D)
  7 floating eyes (D)
  An ogre (D)
  7 necrophages (D)
  8 jellies (D)
  Ijyb (D)
  2 ballistomycetes (D)
74 creatures vanquished.

Vanquished Creatures (others)
  A gargoyle (D)
  2 ballistomycete spores (D)
3 creatures vanquished.

Grand Total: 77 creatures vanquished

Notes
Turn   | Place    | Note
-------+----------+-------------------------------------------
     0 | D        | Snowbourne the Spriggan Enchanter began the quest for the Orb.
     0 | D        | Reached XP level 1. HP: 9/9 MP: 5/5
     2 | D        | Noticed Ijyb
    12 | D        | Killed Ijyb
    12 | D        | Reached skill level 6 in Stealth
    12 | D        | Reached skill level 5 in Hexes
    12 | D        | Reached XP level 2. HP: 13/13 MP: 5/7
    36 | D        | Learned a level 2 spell: Ensorcelled Hibernation
    37 | D        | Noticed an ogre
    39 | D        | Killed an ogre
    39 | D        | Reached skill level 5 in Dodging
    39 | D        | Reached skill level 8 in Stealth
    39 | D        | Reached XP level 3. HP: 16/16 MP: 8/10
    39 | D        | Reached XP level 4. HP: 21/21 MP: 8/11
    54 | D        | Learned a level 3 spell: Confuse
    58 | D        | Learned a level 3 spell: Dazzling Spray
    62 | D        | Learned a level 3 spell: Tukima's Dance
    63 | D        | Noticed Sigmund
    65 | D        | Killed Sigmund
    65 | D        | Reached skill level 5 in Short Blades
    65 | D        | Reached skill level 11 in Stealth
    65 | D        | Reached XP level 5. HP: 24/24 MP: 11/13
    89 | D        | Found a deep blue altar of Sif Muna.
    91 | D        | Found a radiant altar of Vehumet.
    95 | D        | Reached XP level 6. HP: 28/28 MP: 14/14
   109 | D        | Found Himp's Assorted Antiques.
   109 | D        | Found an ancient bone altar of Kikubaaqudgha.
   109 | D        | Found a hazy altar of Hepliaklqana.
   109 | D        | Found a hide-covered altar of Uskayaw.
   109 | D        | Found a basalt altar of Yredelemnul.
   109 | D        | Found an opulent altar of Gozag.
   109 | D        | Found a snail-covered altar of Cheibriados.
   109 | D        | Found a sacrificial altar of Ru.
   109 | D        | Found a shadowy altar of Dithmenos.
   109 | D        | Noticed a yak
   110 | D        | Found a stormy altar of Qazlal.
   110 | D        | Found a blossoming altar of Fedhas.
   110 | D        | Found a bloodstained altar of Trog.
   110 | D        | Found an iron altar of Okawaru.
   110 | D        | Found a glowing golden altar of the Shining One.
   110 | D        | Found a glowing silver altar of Zin.
   110 | D        | Found a white marble altar of Elyvilon.
   111 | D        | Killed a yak
   111 | D        | Reached skill level 12 in Stealth
   111 | D        | Reached skill level 10 in Hexes
   112 | D        | Found a sparkling altar of Nemelex Xobeh.
   116 | D        | Bought a glowing rapier for 189 gold pieces
   120 | D        | Became a worshipper of Zin the Law-Giver
   120 | D        | Reached * piety under Zin
   120 | D        | Reached ** piety under Zin
   120 | D        | Reached *** piety under Zin
   120 | D        | Reached **** piety under Zin
   120 | D        | Reached ***** piety under Zin
   128 | D        | Noticed Sonja
   137 | D        | Killed Sonja
   137 | D        | Reached skill level 10 in Dodging
   137 | D        | Reached skill level 15 in Stealth
   137 | D        | Reached XP level 7. HP: 32/32 MP: 10/15
   137 | D        | Reached XP level 8. HP: 36/36 MP: 10/16
   139 | D        | Reached ****** piety under Zin
   151 | D        | Found Plog's Antique Weapon Boutique.
   161 | D        | Noticed a shining eye
   161 | D        | Noticed a shining eye
   161 | D        | Noticed a shining eye
   161 | D        | Noticed a shining eye
   161 | D        | Noticed a shining eye
   161 | D        | Noticed a shining eye
   164 | D        | Noticed a shining eye
   164 | D        | Noticed a shining eye
   165 | D        | Killed a shining eye
   165 | D        | Reached skill level 16 in Stealth
   165 | D        | Paralysed by a floating eye for 2 turns
   173 | D        | Paralysed by a floating eye for 2 turns
   179 | D        | Paralysed by a floating eye for 3 turns
   185 | D        | Paralysed by a floating eye for 4 turns
   214 | D        | Killed a shining eye
   214 | D        | Reached skill level 17 in Stealth
   214 | D        | Reached XP level 9. HP: 39/39 MP: 17/17
   222 | D        | Killed a shining eye
   222 | D        | Reached skill level 18 in Stealth
   222 | D        | Killed a shining eye
   226 | D        | Killed a shining eye
   226 | D        | Reached skill level 10 in Short Blades
   226 | D        | Reached skill level 15 in Hexes
   239 | D        | Killed a shining eye
   239 | D        | Reached skill level 19 in Stealth
   240 | D        | Killed a shining eye
   240 | D        | Reached XP level 10. HP: 44/44 MP: 18/18
   241 | D        | Killed a shining eye
   259 | D        | Fell from the grace of Zin
   259 | D        | Became a worshipper of Dithmenos the Shadowed
   283 | D        | Found Ywnisuo's Gadget Shoppe.
   283 | D        | Found Qiotue's Assorted Antiques.
   283 | D        | Found Jeuskon's Book Emporium.
   283 | D        | Found Utum's Book Boutique.
   301 | D        | Bought a flickering brass ring for 115 gold pieces
   301 | D        | Identified the ring "Utimymuh" {rElec rC- rN+++ MP+9 Stlth-} (You bought it in a shop in the Dungeon)
   354 | D        | Noticed a deep troll
   358 | D        | Killed a deep troll
   358 | D        | Reached skill level 20 in Stealth
   368 | D        | Found Juner Ypuliz's Armour Emporium.
   580 | D        | Found a burning altar of Makhleb.
   580 | D        | Found a viscous altar of Jiyva.
   580 | D        | Found a shimmering altar of Xom.
   580 | D        | Found a corrupted altar of Lugonu.
   599 | D        | Reached * piety under Dithmenos
   600 | D        | Noticed a rust devil
   605 | D        | Noticed a rust devil
   824 | D        | Noticed a centaur warrior
   825 | D        | Noticed a centaur warrior
   827 | D        | Killed a centaur warrior
   827 | D        | Reached ** piety under Dithmenos
   827 | D        | Reached skill level 21 in Stealth
   828 | D        | Killed a centaur warrior
   853 | D        | Noticed an oklob plant
   855 | D        | Killed an oklob plant
   862 | D        | Reached *** piety under Dithmenos
   862 | D        | Reached skill level 15 in Dodging
   862 | D        | Reached XP level 11. HP: 47/47 MP: 19/19
   886 | D        | Noticed an unseen horror
   887 | D        | Noticed an unseen horror
   892 | D        | Killed an unseen horror
   892 | D        | Reached skill level 1 in Fighting
   896 | D        | Killed an unseen horror
   896 | D        | Reached skill level 22 in Stealth
   908 | D        | Reached **** piety under Dithmenos
   926 | D        | Reached ***** piety under Dithmenos
  1133 | D        | Found Eddysy's Assorted Antiques.
  1133 | D        | Found Cycum's Antique Weapon Shop.
  1133 | D        | Found Xomo's Antique Weapon Boutique.
  1135 | D        | Found Xabiurphadu's Antique Armour Emporium.
  1135 | D        | Found Uruosmot's Jewellery Shop.
  1135 | D        | Found Fiohyvvo's Antique Armour Shoppe.
  1135 | D        | Found Fahoalab's Armour Boutique.
  1135 | D        | Found Mebre's Gadget Emporium.
  1135 | D        | Found Honau's Gadget Shop.
  1135 | D        | Found Xaz Avaff's Armour Shoppe.
  1138 | D        | Found Ozxaaqor's Magic Scroll Boutique.
  1139 | D        | Found Ydexzor's Weapon Emporium.
  1139 | D        | Found Bebbig's Antique Armour Boutique.
  1140 | D        | Found Unaowao's Assorted Antiques.
  1149 | D        | Bought the +0 mask of the Dragon {MR+ Slay+3 SInv} for 734 gold pieces
  1162 | D        | Bought a pitted scarf for 260 gold pieces
  1167 | D        | Identified the cursed scarf of Demons {+Blink rC+ Str-3 Stlth+} (You bought it in a shop in the Dungeon)
  1220 | D        | Reached ****** piety under Dithmenos
  1237 | D        | Noticed a lindwurm
  1239 | D        | Killed a lindwurm
  1496 | D        | Noticed a 12-headed hydra
  1501 | D        | Killed a 12-headed hydra
  1501 | D        | Reached skill level 5 in Fighting
  1501 | D        | Reached skill level 23 in Stealth
  1627 | D        | Noticed a daeva
  1630 | D        | Noticed an unseen horror
  1630 | D        | Noticed an unseen horror
  1630 | D        | Noticed an unseen horror
  1631 | D        | Noticed an unseen horror
  1633 | D        | Killed an unseen horror
  1634 | D        | Noticed an unseen horror
  1635 | D        | Killed an unseen horror
  1636 | D        | Killed an unseen horror
  1636 | D        | Reached XP level 12. HP: 60/60 MP: 20/20
  1650 | D        | Noticed a fire giant
  1652 | D        | Noticed a fire giant
  1652 | D        | Noticed a fire giant
  1652 | D        | Noticed a fire giant
  1653 | D        | Killed a fire giant
  1657 | D        | Killed from afar by a fire giant

Skill      XL: |  1  2  3  4  5  6  7  8  9 10 11 12 |
---------------+-------------------------------------+-----
Short Blades   | 2 3 5 7 9 10 11 13 14 | 14.1
Dodging        | 4 5 7 10 12 13 15 17 | 17.9
Stealth        | 6 8 11 15 17 19 21 23 | 23.7
Spellcasting   | 3 4 |  4.9
Hexes          | 5 6 9 12 14 15 17 18 19 | 19.2
Fighting       | 5 6 |  6.5

Action                   |  1- 3 |  4- 6 |  7- 9 | 10-12 || total
-------------------------+-------+-------+-------+-------++-------
Melee: Dagger            |    10 |     3 |       |    78 ||    91
       Rapier            |       |     4 |    60 |    68 ||   132
 Cast: Confuse           |       |     1 |       |    27 ||    28
       Ensorcelled Hiber |       |     1 |       |     1 ||     2
       Dazzling Spray    |       |       |       |     1 ||     1
Invok: Shadow Step       |       |       |       |     3 ||     3
 Abil: Evoke Blink       |       |       |       |     1 ||     1
  Use: Scroll            |       |       |       |     3 ||     3
 Stab: Sleeping          |     2 |     3 |     2 |    28 ||    35
       Confused          |       |     1 |       |    18 ||    19
  Eat: Bread ration      |       |       |       |     1 ||     1
Armor: Robe              |     2 |       |       |     3 ||     5
Dodge: Dodged            |     5 |     1 |       |    76 ||    82
